 Dungeon Crawl Stone Soup version 0.24.0-123-gd5b16e6ec5 (webtiles) character file.

Game seed: 14708880727781295375, levelgen mode: deterministic

10745 Inkhb the Archer (level 11, -1/95 HPs)
             Began as a Centaur Hunter on Feb 12, 2020.
             Was a High Priest of Okawaru.
             Killed from afar by a wretched star (19 damage)
             ... with an orb of energy
             ... on level 1 of the Abyss on Feb 13, 2020.
             The game lasted 01:16:31 (17887 turns).

Inkhb the Archer (Centaur Hunter)                  Turns: 17887, Time: 01:16:31

Health: -1/95      AC:  9    Str: 16 (17) XL:     11   Next: 40%
Magic:  17/17      EV:  9    Int:  7 (10) God:    Okawaru [*****.]
Gold:   627        SH:  0    Dex:  5 (7)  Spells: 12/18 levels left

rFire    . . .     SeeInvis .   a - +1 shortbow
rCold    . . .     Gourm    .   (shield currently unavailable)
rNeg     . . .     Faith    +   H - +0 troll leather armour
rPois    +         Spirit   .   (no helmet)
rElec    .         Reflect  .   B - +1 cloak
rCorr    .         Harm     .   t - +0 pair of gloves
MR       .....                  (no barding)
Stlth    ..........             G - amulet of faith
HPRegen  0.65/turn              K - ring of wizardry
MPRegen  0.15/turn              I - ring of poison resistance

@: about to teleport, very quick
A: large, hooves 3, [clumsy 2], deformed body, [deterioration 2], speed 2,
[screaming 2], tough skin 3, [no potion heal 2]
a: Heroism, Finesse, Renounce Religion


You were on level 1 of the Abyss.
You worshipped Okawaru.
Okawaru was extremely pleased with you.
You were very full.

You visited 2 branches of the dungeon, and saw 13 of its levels.
You visited the Abyss 1 time.
You also visited: Sewer.

You collected 895 gold pieces.
You spent 268 gold pieces at shops.

Inventory:

Hand Weapons
 a - a +1 shortbow (weapon)
 b - the +5 quarterstaff "Cicaif" {holy, -Tele +Inv MR+ Int+4}
   (You found it on level 5 of the Dungeon)

   It has been blessed by the Shining One to cause great damage to the undead
   and demons.
   It affects your intelligence (+4).
   It affects your resistance to hostile enchantments.
   It lets you turn invisible.
   It prevents most forms of teleportation.
 x - a +0 war axe of chopping
 O - a +3 battleaxe of flaming
Missiles
 d - 283 arrows (quivered)
Armour
 l - a +0 scale mail
 s - a +0 plate armour
 t - a +0 pair of gloves (worn)
 B - a +1 cloak (worn)
 H - a +0 troll leather armour (worn)
 N - a +1 leather armour of poison resistance
Jewellery
 w - an uncursed ring of protection from cold
 y - an uncursed amulet of regeneration
 G - an amulet of faith (around neck)
 I - a ring of poison resistance (right hand)
 K - a ring of wizardry (left hand)
Wands
 v - a wand of random effects (15)
 A - a wand of flame (67)
Scrolls
 i - 5 scrolls of amnesia
 j - 3 scrolls of remove curse
 k - 2 scrolls of magic mapping
 n - 3 scrolls of teleportation
 q - 4 scrolls of fear
 r - 3 scrolls of fog
 u - a scroll of blinking
 z - 2 scrolls of enchant weapon
 C - a scroll of enchant armour {unknown}
 E - 2 scrolls of vulnerability {unknown}
 F - a scroll of summoning
 J - a scroll of holy word {unknown}
Potions
 c - 2 potions of brilliance
 e - 3 potions of might
 g - a potion of resistance
 h - 2 potions of haste
 m - 3 potions of curing
 o - 2 potions of mutation
 p - a potion of heal wounds
 D - a potion of magic
 L - 2 potions of cancellation
Comestibles
 f - 18 rations


   Skills:
 * Level 8.3 Fighting
 - Level 14.0 Bows
 - Level 6.0 Armour
 - Level 1.3 Dodging
 - Level 0.4 Stealth
 - Level 4.0 Spellcasting
 - Level 2.0 Hexes
 - Level 5.0 Translocations
 - Level 5.1 Invocations


You had 12 spell levels left.
You knew the following spells:

 Your Spells              Type           Power        Failure   Level  Hunger
a - Portal Projectile     Hex/Tloc       #.....       11%         3    ####...
e - Corona                Hex            #......      6%          1    ##.....
i - Blink                 Tloc           N/A          2%          2    ###....

Your spell library contained the following spells:

 Spells                   Type           Power        Failure   Level  Hunger
 Slow                     Hex            #.......     10%         2    ###....
 Beastly Appendage        Tmut           #.....       16%         1    ##.....
 Magic Dart               Conj           #...         16%         1    ##.....
 Call Imp                 Summ           #.......     22%         2    ###....
 Sticks to Snakes         Tmut           #.......     22%         2    ###....
 Inner Flame              Hex/Fire       #.......     28%         3    ####...
 Conjure Flame            Conj/Fire      #.......     38%         3    ####...
 Mephitic Cloud           Conj/Pois/Air  #.......     38%         3    ####...
 Spider Form              Tmut/Pois      #.........   38%         3    ####...
 Cause Fear               Hex            #.........   52%         4    #####..
 Leda's Liquefaction      Hex/Erth       #.........   65%         4    #####..
 Ice Form                 Ice/Tmut       #.......     78%         4    #####..
 Blade Hands              Tmut           #.........   98%         5    ######.


Dungeon Overview and Level Annotations

Branches:
Dungeon (12/15)            Temple (1/1) D:4            Lair (0/6) D:9
    Orc (0/2) D:10          Sewer (visited)

Altars:
Ashenzari
Cheibriados
Dithmenos
Elyvilon
Fedhas
Gozag
Hepliaklqana
Kikubaaqudgha
Makhleb
Nemelex Xobeh
Okawaru
Qazlal
Ru
Sif Muna
Trog
Uskayaw
Vehumet
Wu Jian
Xom
Yredelemnul
Zin
The Shining One

Shops:
D:7 ?

Portals:
Trove: D:12 (give 8 potions of agility)

Annotations:
D:11 Sonja


Innate Abilities, Weirdness & Mutations

You have hooves in place of feet.
Armour fits poorly on your strangely shaped body.
You cover ground very quickly.
You have extremely tough skin. (AC +3)
[You are very clumsy. (Dex -4)]
[Your body often deteriorates upon taking damage.]
[You sometimes yell uncontrollably at your foes.]
[Potions are poor at restoring your health.]


Message History

Done waiting.
You start waiting.
Done waiting.
A reaper comes into view. It is wielding a +1 scythe of venom.
A wretched star comes into view.
The wretched star glows turbulently.
The orb of energy hits you!!
Your body deteriorates!
You feel clumsy.
The wretched star glows turbulently.
The orb of energy hits you!!!
Your body deteriorates!
You feel weakened.
The wretched star glows turbulently.
The orb of energy hits you!!
* * * LOW HITPOINT WARNING * * *
As you read the scroll of teleportation, it crumbles to dust.
You feel strangely unstable.
You feel the power of the Abyss delaying your translocation!
The wretched star glows turbulently.
The orb of energy hits you!!
You die...

. . .############### ###
....#.###.....##..
....... ...#.....
..#.#...#.#.*#..#.
.....##...#.....# #.. #
# ..#..#.###..###...#.
....#.#..#.##..#@......#
#######################.


You could see a wretched star.

Vanquished Creatures
  A two-headed ogre (D:5)
  An ugly thing (D:11)
  Psyche (D:10)
  A kobold demonologist (D:12)
  3 trolls
  2 hippogriffs
  A vampire (D:8)
  A human (D:9)
  2 wraiths
  A yak (D:12)
  3 wargs
  A water moccasin (D:9)
  Duvessa (D:6)
  3 orc warriors
  3 necrophages
  9 ogres
  2 ice beasts (D:5)
  A sky beast (D:8)
  A phantom (D:11)
  3 wolves
  8 centaurs
  Blork the orc (D:4)
  5 big kobolds
  11 bullfrogs
  2 wyvern zombies
  Dowan (D:6)
  A scorpion (D:6)
  12 killer bees
  2 crimson imps
  A bullfrog zombie (D:10)
  A quasit (D:8)
  3 jellies
  10 orc priests
  3 centaur skeletons
  7 hounds
  Crazy Yiuf (D:7)
  15 orc wizards
  3 bullfrog skeletons
  3 iguanas
  Natasha (twice) (D:4)
  A worker ant (D:6)
  A hound zombie (D:9)
  2 howler monkey zombies
  A worker ant zombie (D:7)
  3 gnolls (D:2)
  17 adders
  A howler monkey skeleton (D:4)
  A river rat (Sewer)
  3 shadow imps
  3 oozes
  2 adder skeletons
  2 worms
  9 dart slugs
  8 leopard geckos
  74 orcs
  8 ball pythons
  4 giant cockroaches
  6 hobgoblins
  16 jackals
  6 quokkas
  10 bats
  4 frilled lizards
  9 goblins
  17 kobolds
  2 quokka skeletons
  10 rats
353 creatures vanquished.

Vanquished Creatures (others)
  2 starspawn tentacles (Abyss:1)
2 creatures vanquished.

Grand Total: 355 creatures vanquished

Notes
Turn   | Place    | Note
-------+----------+-------------------------------------------
     0 | D:1      | Inkhb the Centaur Hunter began the quest for the Orb.
     0 | D:1      | Reached XP level 1. HP: 17/17 MP: 1/1
   280 | D:1      | Reached XP level 2. HP: 18/24 MP: 2/2
   294 | D:1      | Reached skill level 6 in Bows
   950 | D:2      | Reached XP level 3. HP: 29/29 MP: 3/3
   952 | D:2      | Reached skill level 7 in Bows
  1165 | D:2      | Reached XP level 4. HP: 32/36 MP: 4/4
  1761 | D:2      | Reached skill level 8 in Bows
  2195 | D:3      | Reached XP level 5. HP: 29/41 MP: 5/5
  2639 | D:3      | Reached skill level 9 in Bows
  3452 | D:3      | Reached XP level 6. HP: 50/50 MP: 6/6
  3626 | D:4      | Found a glowing drain.
  3635 | Sewer    | Entered a sewer
  4206 | Sewer    | Reached skill level 5 in Fighting
  4206 | Sewer    | Reached XP level 7. HP: 49/61 MP: 7/7
  4447 | D:4      | Found a staircase to the Ecumenical Temple.
  4454 | Temple   | Entered the Ecumenical Temple
  4476 | Temple   | Became a worshipper of Warmaster Okawaru
  4606 | D:4      | Noticed Blork the orc
  4657 | D:4      | Killed Blork the orc
  4994 | D:4      | Noticed Natasha
  4999 | D:4      | Killed Natasha
  5061 | D:4      | Noticed Natasha
  5317 | D:4      | Killed Natasha
  5628 | D:5      | Entered Level 5 of the Dungeon
  5725 | D:5      | Reached skill level 1 in Armour
  5860 | D:5      | Reached * piety under Okawaru
  5860 | D:5      | Reached skill level 10 in Bows
  6039 | D:5      | Got a dazzling quarterstaff
  6039 | D:5      | Identified the +5 quarterstaff "Cicaif" {holy, -Tele +Inv
                  | MR+ Int+4} (You found it on level 5 of the Dungeon)
  6151 | D:5      | Reached XP level 8. HP: 44/70 MP: 8/8
  6380 | D:5      | Reached skill level 11 in Bows
  6397 | D:5      | Noticed a two-headed ogre
  6474 | D:5      | Killed a two-headed ogre
  6474 | D:5      | Reached ** piety under Okawaru
  6474 | D:5      | Reached skill level 13 in Bows
  7455 | D:5      | Reached skill level 1 in Invocations
  7497 | D:6      | Reached XP level 9. HP: 75/75 MP: 8/10
  7784 | D:6      | Noticed Dowan
  8042 | D:6      | Killed Dowan
  8196 | D:6      | Found a white marble altar of Elyvilon.
  8241 | D:6      | Noticed Duvessa
  8297 | D:6      | Killed Duvessa
  8297 | D:6      | Reached *** piety under Okawaru
  8636 | D:7      | Reached skill level 14 in Bows
  8735 | D:7      | Found a runed translucent door.
  8736 | D:7      | Noticed Crazy Yiuf
  8741 | D:7      | Killed Crazy Yiuf
  8795 | D:7      | Reached skill level 5 in Invocations
  9517 | D:7      | Found Rebes's Magic Scroll Shoppe.
  9626 | D:7      | Bought a scroll of fear for 38 gold pieces
  9626 | D:7      | Bought a scroll of fog for 22 gold pieces
  9626 | D:7      | Bought a scroll of enchant weapon for 82 gold pieces
  9626 | D:7      | Bought a scroll of summoning for 104 gold pieces
  9691 | D:7      | Found a shimmering blue altar of Sif Muna.
 10073 | D:7      | You fall into a shaft and drop 3 floors!
 10073 | D:10     | Entered Level 10 of the Dungeon
 10102 | D:8      | Noticed a troll
 10588 | D:7      | Bought a scroll of identify for 22 gold pieces
 10817 | D:8      | Reached **** piety under Okawaru
 10911 | D:8      | Reached XP level 10. HP: 80/86 MP: 13/13
 11285 | D:8      | Learned a level 2 spell: Blink
 11765 | D:8      | Reached skill level 1 in Translocations
 11770 | D:8      | Reached skill level 1 in Spellcasting
 11850 | D:8      | Received a gift from Okawaru
 12727 | D:9      | Reached ***** piety under Okawaru
 13058 | D:8      | Received a gift from Okawaru
 13408 | D:9      | Found a staircase to the Lair.
 13548 | D:8      | Reached skill level 5 in Translocations
 14189 | D:9      | Learned a level 3 spell: Portal Projectile
 14191 | D:9      | Learned a level 1 spell: Corona
 14212 | D:10     | Received a gift from Okawaru
 14257 | D:10     | Found a staircase to the Orcish Mines.
 14312 | D:10     | Reached skill level 1 in Hexes
 14846 | D:10     | Received a gift from Okawaru
 14935 | D:10     | Reached XP level 11. HP: 58/94 MP: 14/16
 15869 | D:11     | Noticed Psyche
 15926 | D:10     | Killed Psyche
 15976 | D:11     | You fall into a shaft and drop 1 floor!
 16010 | D:12     | Received a gift from Okawaru
 16010 | D:12     | Reached skill level 5 in Armour
 16018 | D:12     | Found a gate leading to a gauntlet.
 16114 | D:12     | Found a portal to a secret trove of treasure.
 16251 | D:12     | Received a gift from Okawaru
 16517 | D:11     | Noticed Sonja
 17085 | D:11     | Noticed a brown ugly thing
 17172 | D:11     | Killed a brown ugly thing
 17276 | D:11     | Cast into level 1 of the Abyss (Sonja)
 17304 | Abyss:1  | Noticed a deep elf demonologist
 17313 | Abyss:1  | Noticed a starcursed mass
 17313 | Abyss:1  | Noticed a starcursed mass
 17319 | Abyss:1  | Noticed a yellow draconian
 17324 | Abyss:1  | Noticed a tentacled starspawn
 17340 | Abyss:1  | Noticed a large abomination
 17378 | Abyss:1  | Noticed a wretched star
 17379 | Abyss:1  | Noticed a starcursed mass
 17870 | Abyss:1  | Noticed a reaper
 17879 | Abyss:1  | Noticed a wretched star
 17887 | Abyss:1  | Killed from afar by a wretched star

Levels and vault maps discovered:
D:1:      saegor_arrival_miasma, layout_basic, minmay_indecisive_spiral
D:2:      layout_loops_ring, kennysheep_potato
D:3:      kennysheep_slugbush, layout_basic, first_ration, grunt_ministairs_1,
          roderic_serpentine_path
D:4:      layout_loops_ring, minmay_temple_entry_statues_pillars,
          portal_sewer_entry_b, uniq_natasha, uniq_blork_the_orc
D:5:      layout_basic
D:6:      layout_rooms, elyvilon_altar_3, uniq_duvessa
D:7:      layout_basic, lemuel_blue_sif_altar, serial_shops, shop,
          uniq_crazy_yiuf_cottage
D:8:      layout_basic
D:9:      layout_basic, erik_lair_orcish_takeover, grunt_pizzeria
D:10:     layout_loops_corners, hiddenorc2_lemuel, amethyst_killhole
D:11:     layout_grid_maze, serial_shops, shop_coins, uniq_sonja, uniq_grum,
          uniq_psyche
D:12:     layout_loops_ring, gauntlet_entry_generic, enter_trove_2
Temple:   compressed_dpeg_circular_temple
Abyss:1:  base: D:11, guppyfry_abyss_exit_spiral_guarded

Skill      XL: |  1  2  3  4  5  6  7  8  9 10 11 |
---------------+----------------------------------+-----
Bows           | 6 7 8 9 10 13 14 | 14.0
Fighting       | 5 6 7 8 |  8.3
Armour         | 1 3 4 6 |  6.0
Invocations    | 1 5 |  5.1
Translocations | 5 |  5.0
Spellcasting   | 3 4 |  4.0
Hexes          | 2 |  2.0
Dodging        | |  1.3
Stealth        | |  0.4

Action                   |  1- 3 |  4- 6 |  7- 9 | 10-12 || total
-------------------------+-------+-------+-------+-------++-------
Melee: Short sword       |    97 |   107 |       |       ||   204
       Kick              |    13 |    35 |    33 |    62 ||   143
       War axe           |       |    84 |    61 |       ||   145
       Flail             |       |    24 |       |       ||    24
       Quarterstaff      |       |       |   121 |   262 ||   383
       Shortbow          |       |       |       |     2 ||     2
 Fire: Shortbow          |    40 |   113 |   246 |   498 ||   897
 Cast: Portal Projectile |       |       |       |    14 ||    14
       Corona            |       |       |       |    18 ||    18
Invok: Heroism           |       |       |       |     3 ||     3
       Finesse           |       |       |       |     1 ||     1
Evoke: Wand              |       |       |     1 |       ||     1
  Use: Scroll            |     1 |     7 |     7 |     7 ||    22
       Potion            |       |     1 |       |     3 ||     4
  Eat: Chunk             |       |     8 |    18 |    14 ||    40
       Ration            |       |       |       |     4 ||     4
Armor: Leather armour    |    31 |       |       |       ||    31
       Scale mail        |    43 |   133 |   110 |     3 ||   289
       Troll leather arm |       |       |       |   207 ||   207
Dodge: Dodged            |    63 |   107 |    82 |   214 ||   466
